Map: [ESL] Data-C

Players

MaNa

  • Race: Protoss Protoss
  • Spawn Location: 3:00

HeroMarine - Winner!

  • Race: Terran Terran
  • Spawn Location: 9:00

Event: DreamHack SC2 Masters 2022 Atlanta (Online)

VOD

Have the link to the VOD?

Description

Time

  • Played on: Sept. 29, 2022, 1:20 p.m.
  • Length: 8:18

All games in this series

Show
View Real Time Build Order
Export as new Build Order

MaNa Protoss 

Build Orders: 1 Gate Expand, Oracle Opening, Phoenix Opening 

Get SALT Encoding   

  12  0:00  Probe  
  13  0:12  Probe  
  14  0:18  Pylon  
  14  0:24  Probe (Chrono Boost)  
  15  0:36  Gateway  
  15  0:37  Probe (Chrono Boost)  
  16  0:44  Probe (Chrono Boost)  
  16  0:46  Assimilator  
  17  0:51  Probe  
  18  1:03  Probe  
  19  1:20  Nexus  
  19  1:31  Cybernetics Core  
  19  1:35  Probe (Chrono Boost)  
  21  1:47  Probe (Chrono Boost), Pylon  
  21  1:52  Assimilator  
  21  1:53  Probe (Chrono Boost)  
  22  2:02  Probe  
  22  2:04  Adept (Chrono Boost)  
  25  2:14  Probe  
  26  2:20  Stargate  
  26  2:26  Probe  
  26  2:28  Warp Gate  
  27  2:34  Probe  
  28  2:38  Stalker  
  28  2:40  Probe  
  31  2:50  Probe  
  32  2:52  Probe  
  32  3:01  Oracle (Chrono Boost)  
  32  3:02  Probe  
  32  3:04  Probe  
  37  3:14  Probe  
  37  3:16  Probe  
  39  3:26  Probe (Chrono Boost), Gateway  
  40  3:28  Probe (Chrono Boost)  
  40  3:32  Pylon  
  40  3:33  Phoenix  
  43  3:39  Probe (Chrono Boost)  
  44  3:44  Probe (Chrono Boost)  
  44  3:46  Probe (Chrono Boost)  
  46  3:49  Probe (Chrono Boost)  
  46  3:51  Twilight Council  
  47  3:56  Probe  
  47  4:00  Probe  
  47  4:01  Phoenix, Pylon  
  51  4:08  Probe  
  52  4:12  Probe  
  52  4:15  Pylon  
  53  4:20  Probe  
  54  4:24  Nexus  
  54  4:29  Charge  
  54  4:36  Probe  
  52  4:40  Probe  
  53  4:48  Probe  
  54  4:52  Probe  
  54  4:53  Robotics Facility  
  54  4:54  Assimilator  
  54  4:58  Sentry  
  57  5:00  Probe  
  57  5:05  Probe  
  59  5:12  Probe  
  60  5:17  Probe  
  60  5:19  Gateway, Assimilator  
  61  5:21  Gateway  
  61  5:22  Forge  
  61  5:24  Probe  
  61  5:26  Pylon  
  62  5:29  Probe  
  62  5:31  Pylon  
  63  5:36  Probe  
  63  5:39  Immortal (Chrono Boost)  
  63  5:40  Robotics Bay  
  63  5:41  Probe  
  69  5:43  Probe  
  69  5:45  Sentry  
  69  5:47  Zealot  
  69  5:48  Probe  
  75  5:51  Shield Battery  
  75  5:57  Protoss Ground Weapons Level 1  
  75  6:00  Probe x2  
  75  6:04  Phoenix  
  79  6:10  Gateway  
  79  6:12  Gateway  
  79  6:16  Pylon  
  79  6:20  Zealot x2  
  79  6:25  Colossus (Chrono Boost), Probe  
  90  6:33  Probe x2  
  90  6:34  Shield Battery  
  90  6:37  Probe  
  90  6:39  Photon Cannon  
  93  6:45  Pylon  
  93  6:48  Zealot, Sentry  
  97  6:56  Probe  
  94  7:05  Zealot x3  
  93  7:17  Zealot x2  
  93  7:18  Zealot  
  93  7:21  Probe  
  87  7:28  Zealot  
  67  7:44  Probe x2  
  57  7:45  Zealot x2  
  61  7:51  Phoenix (Chrono Boost)  
  62  8:02  Probe x2  
  62  8:05  Zealot x2  
  60  8:09  Zealot  
Show
View Real Time Build Order
Export as new Build Order

HeroMarine Terran - Winner!

Build Orders:  

Get SALT Encoding   

  12  0:00  SCV  
  13  0:12  SCV  
  14  0:17  Supply Depot  
  14  0:24  SCV  
  15  0:39  SCV, Barracks  
  16  0:43  Refinery  
  16  0:51  SCV  
  16  0:55  Refinery  
  17  1:03  SCV  
  18  1:15  SCV  
  19  1:26  Reaper  
  19  1:27  Orbital Command  
  19  1:30  Supply Depot  
  20  1:43  Factory  
  20  1:52  SCV  
  21  1:59  Barracks Reactor  
  21  2:05  SCV  
  22  2:15  Command Center  
  22  2:18  SCV  
  23  2:30  SCV  
  23  2:34  Starport  
  23  2:36  Marine x2  
  26  2:40  Widow Mine  
  29  2:47  Supply Depot  
  29  2:48  SCV  
  29  2:56  Marine x2  
  31  3:09  SCV, Widow Mine  
  34  3:14  Medivac  
  36  3:21  SCV, Marine x2  
  39  3:27  Orbital Command  
  39  3:32  Widow Mine  
  39  3:33  SCV  
  42  3:39  Marine x2  
  44  3:45  SCV  
  44  3:50  Starport Tech Lab  
  44  3:54  Factory Tech Lab  
  44  3:56  SCV, Marine  
  44  3:57  SCV, Marine  
  44  4:02  Supply Depot  
  48  4:08  SCV, Raven  
  48  4:09  SCV  
  52  4:12  Barracks  
  52  4:20  SCV  
  52  4:21  SCV  
  52  4:23  Supply Depot, Siege Tank  
  57  4:26  Marine  
  57  4:27  Marine  
  59  4:32  SCV  
  59  4:33  SCV  
  59  4:39  Barracks  
  59  4:41  Engineering Bay  
  59  4:44  SCV  
  58  4:46  SCV  
  58  4:48  Marine  
  58  4:49  Marine  
  58  4:52  Refinery  
  59  4:56  SCV  
  59  4:58  SCV  
  61  5:05  Stimpack  
  61  5:06  Marine x3  
  63  5:08  SCV  
  63  5:10  Factory Reactor  
  63  5:11  SCV, Terran Infantry Weapons Level 1  
  62  5:16  Starport Reactor  
  62  5:20  SCV  
  63  5:23  SCV  
  63  5:24  Marine x3  
  63  5:26  Supply Depot  
  63  5:27  Missile Turret  
  67  5:32  SCV  
  67  5:35  SCV, Combat Shield  
  69  5:36  Marine  
  69  5:41  Supply Depot  
  70  5:47  Marine x2  
  70  5:48  Widow Mine x2  
  78  5:51  Marine  
  78  5:54  Supply Depot, Marine  
  78  6:02  Medivac x2  
  82  6:05  Marine  
  82  6:07  SCV  
  82  6:08  SCV, Marine  
  86  6:15  Marine x2  
  86  6:16  Supply Depot, Missile Turret, Widow Mine x2  
  92  6:23  Marine  
  93  6:27  SCV, Command Center  
  94  6:33  Refinery  
  94  6:34  SCV, Marine x2  
  94  6:36  Medivac  
  94  6:37  Medivac  
  101  6:41  Supply Depot  
  101  6:42  SCV  
  101  6:46  SCV, Marine x2  
  105  6:48  Widow Mine  
  105  6:51  Widow Mine  
  109  7:00  SCV  
  110  7:02  SCV  
  110  7:04  Marauder  
  110  7:05  Marauder  
  110  7:07  Medivac  
  115  7:09  Widow Mine  
  115  7:12  SCV  
  115  7:13  Widow Mine  
  118  7:17  SCV  
  118  7:22  Marine x2  
  113  7:26  Marauder x2  
  108  7:31  Widow Mine  
  108  7:32  Medivac  
  108  7:34  Widow Mine  
  108  7:41  Barracks  
  106  7:44  Barracks  
  106  7:47  Marauder  
  106  7:48  Engineering Bay  
  106  7:49  Armory, Marauder  
  106  7:50  SCV x2  
  112  7:55  Marine  
  112  7:56  Marine  
  114  8:02  SCV x2  
Tags
 
Add a new tag
Caveats
  • Supply blocks, unpowered buildings, or Contaminate may cause inaccurate times.
  • Supply counts are checked every 10 seconds.